 Dungeon Crawl Stone Soup version 0.32-a0-290-g598725c5f2 (webtiles) character file.

Game seed: 11209965467245432317

44147 AlmostDecent the Severer (level 13, -6/118 HPs)
             Began as a Mountain Dwarf Fighter on Feb 13, 2024.
             Was a High Priest of Makhleb.
             Mangled by an entropy weaver (13 damage)
             ... on level 3 of the Lair of Beasts on Feb 14, 2024.
             The game lasted 00:48:44 (14650 turns).

AlmostDecent the Severer (Mountain Dwarf Fighter)  Turns: 14650, Time: 00:48:45

Health: -6/118     AC:  8    Str: 24    XL:     13   Next: 94%
Magic:  13/13      EV:  8    Int:  9    God:    Makhleb [*****.]
Gold:   875        SH: 12    Dex: 15    Spells: 12/12 levels left

rFire   + + .        a - +0 war axe (vamp)
rCold   . . .        D - +0 kite shield
rNeg    . . .        H - +3 plate armour {rF+}
rPois   .            s - +0 helmet
rElec   .            k - +0 cloak
rCorr   .            g - +0 pair of gloves
SInv    .            e - +0 pair of boots
Will    +....        j - amulet of regeneration
Stlth   x              - ring of protection from fire
HPRegen 1.19/turn    y - +6 ring of dexterity
MPRegen 0.13/turn

%: no passive effects
@: corroded
A: runic magic, artefact enchanting
a: Renounce Religion, Minor Destruction, Lesser Servant of Makhleb, Major
Destruction, Greater Servant of Makhleb


You were on level 3 of the Lair of Beasts.
You worshipped Makhleb.
Makhleb was extremely pleased with you.
You visited 2 branches of the dungeon, and saw 15 of its levels.

You collected 1207 gold pieces.
You spent 332 gold pieces at shops.

Inventory:

Hand Weapons
 a - a +0 vampiric war axe (weapon)
Missiles
 c - 8 throwing nets
 J - 17 silver javelins (quivered)
Armour
 e - a +0 pair of boots (worn)
 g - a +0 pair of gloves (worn)
 k - a +0 cloak (worn)
 n - a +0 chain mail
 s - a +0 helmet (worn)
 C - the +7 chain mail of the Trout {rN+ Will- Str+4 Dex+3}
   (You bought it in a shop on level 11 of the Dungeon)

   Str+4:     It affects your strength (+4).
   Dex+3:     It affects your dexterity (+3).
   rN+:       It protects you from negative energy.
   Will-:     It decreases your willpower.
 D - a +0 kite shield (worn)
 E - a +1 hat
 H - a +3 plate armour of fire resistance (worn)
Jewellery
 b - an amulet of magic regeneration
 f - a +5 ring of evasion
 j - an amulet of regeneration (around neck)
 v - an amulet of reflection
 x - a ring of protection from fire (left hand)
 y - a +6 ring of dexterity (right hand)
 F - a ring of willpower
 N - a ring of wizardry
 Q - a ring of fire
Wands
 r - a wand of charming (8)
 z - a wand of polymorph (6)
 B - a wand of flame (21)
 G - a wand of light (5)
Scrolls
 d - 2 scrolls of fog
 m - 2 scrolls of brand weapon
 o - 2 scrolls of noise
 q - 4 scrolls of revelation
 u - 7 scrolls of teleportation
 w - a scroll of fear
 I - a scroll of silence
 L - 2 scrolls of vulnerability
 M - a scroll of butterflies
 O - 3 scrolls of identify
Potions
 h - a potion of cancellation
 i - a potion of invisibility
 l - 6 potions of lignification
 p - 4 potions of curing
 t - 5 potions of attraction
 A - 3 potions of mutation
 K - a potion of berserk rage
 P - a potion of heal wounds
 R - a potion of haste {unknown}


   Skills:
 * Level 12.3 Fighting
 + Level 18.8 Axes
 + Level 0.7 Throwing
 * Level 11.4 Armour
 + Level 3.6 Dodging
 + Level 2.1 Stealth
 * Level 11.4 Shields
 + Level 0.5 Invocations


You had 12 spell levels left.
You didn't know any spells.
Your spell library contained the following spells:

 Spells                   Type           Power      Damage    Failure   Level
 Kiss of Death            Conj/Necr      0%         2d5       77%         1
 Sting                    Conj/Alch      0%         1d3       77%         1
 Summon Small Mammal      Summ           0%         N/A       77%         1
 Cigotuvi's Dreadful Rot  Necr/Alch/Air  0%         N/A       88%         2
 Mercury Vapours          Alch/Air       0%         N/A       88%         2
 Sublimation of Blood     Necr           0%         N/A       88%         2
 Call Canine Familiar     Summ           0%         N/A       98%         3
 Confusing Touch          Hex            0%         N/A       98%         3
 Dazzling Flash           Conj/Hex       0%         N/A       98%         3
 Volatile Blastmotes      Fire/Tloc      0%         2d10      98%         3
 Animate Armour           Summ/Erth      0%         N/A       100%        4
 Brom's Barrelling Bould  Conj/Erth      0%         2d3       100%        4
 Dispel Undead            Necr           0%         3d6       100%        4
 Ignite Poison            Fire/Alch      0%         N/A       100%        4
 Olgreb's Toxic Radiance  Alch           0%         N/A       100%        4
 Petrify                  Alch/Erth      0%         N/A       100%        4
 Vhi's Electric Charge    Tloc/Air       0%         N/A       100%        4
 Fireball                 Conj/Fire      0%         3d3       100%        5
 Freezing Cloud           Conj/Ice/Air   0%         6-21      100%        5
 Iskenderun's Battlesphe  Conj           0%         2d6       100%        5
 Conjure Ball Lightning   Conj/Air       0%         3x3d6     100%        6
 Starburst                Conj/Fire      0%         6d3       100%        6
 Orb of Destruction       Conj           0%         9d5       100%        7
 Ozocubu's Refrigeration  Ice            0%         4d7       100%        7
 Discord                  Hex            0%         N/A       100%        8
 Maxwell's Capacitive Co  Air            0%         ∞         100%        8
 Death's Door             Necr           0%         N/A       100%        9


Dungeon Overview and Level Annotations

Branches:
Dungeon (12/15)            Temple (0/1) D:6            Lair (3/5) D:11
  Swamp (0/4) Lair:2       Spider (0/4) Lair:2          Orc (0/2) D:9

Altars:
Cheibriados
Hepliaklqana
Makhleb
Okawaru
Uskayaw
Wu Jian
Xom
The Shining One

Shops:
D:7 =   D:11 [   D:12 ?

Annotations:
D:11 2 runed translucent doors, Gryn's ghost, journeyman FoAl


Innate Abilities, Weirdness & Mutations

Your spellcasting is much less encumbered by armour.
You can use scrolls of enchantment on lesser artefacts.


Message History

You block the fire crab's attack. x2
You barely miss the fire crab.
The fire crab is almost dead.
You hit the fire crab but do no damage.
The fire crab is almost dead.
You block the fire crab's attack. The fire crab claws you!
You are engulfed in flames.
You resist.
You are too injured to fight recklessly!
You slash the fire crab!
You kill the fire crab!
Makhleb accepts your kill.
You slash the entropy weaver!
The entropy weaver is moderately wounded.
The entropy weaver hits you! You block the entropy weaver's attack.
The entropy weaver hits you! x2
* * * LOW HITPOINT WARNING * * *
You hit the entropy weaver.
The entropy weaver is moderately wounded.
The entropy weaver completely misses you.
The entropy weaver hits you but does no damage.
You block the entropy weaver's attack. x2
You slash the entropy weaver!
The entropy weaver is heavily wounded.
The entropy weaver closely misses you.
The entropy weaver hits you but does no damage.
The entropy weaver closely misses you. You block the entropy weaver's attack.
You closely miss the entropy weaver.
The entropy weaver is heavily wounded.
The entropy weaver hits you!
* * * LOW HITPOINT WARNING * * *
The entropy weaver hits you but does no damage.
You block the entropy weaver's attack. The entropy weaver hits you!
* * * LOW HITPOINT WARNING * * *
You hit the entropy weaver.
The entropy weaver is heavily wounded.
The entropy weaver hits you!
* * * LOW HITPOINT WARNING * * *
The entropy weaver hits you but does no damage.
The entropy weaver closely misses you. The entropy weaver hits you!
You die...

################
#.@÷...†..÷....#
#B############÷#
#. #.# #. #.# #.
#.# #. #.#
......# #. #.#
........ #÷ #÷#
......... #.#


You could see an entropy weaver.

Vanquished Creatures
  Gastronok (D:11)
  Snorg (D:11)
  A hydra (Lair:2)
  3 centaur warriors (D:11)
  Erica (D:11)
  5 two-headed ogres
  A death yak (Lair:2)
  A boulder beetle (Lair:3)
  Nergalle (D:11)
  Urug (D:11)
  4 fire crabs (Lair:3)
  2 bog bodies (Lair:2)
  A deep elf pyromancer (D:12)
  An orc knight (D:11)
  A manticore (D:11)
  An ugly thing (D:12)
  A wolf spider (Lair:2)
  2 torpor snails
  Joseph (D:10)
  5 elephants (Lair:2)
  2 black mambas
  3 gargoyles
  7 cane toads
  An unseen horror (D:11)
  A rime drake (Lair:3)
  A yaktaur (D:12)
  4 komodo dragons
  3 trolls
  A hornet (D:9)
  12 blink frogs
  Grinder (D:3)
  A dream sheep (Lair:3)
  6 slime creatures (D:9)
  A vampire (D:9)
  3 wyverns
  A wraith (D:10)
  27 yaks
  A warg (Lair:2)
  A redback (Lair:2)
  A steam dragon (D:10)
  10 vampire mosquitoes (D:12)
  A swamp worm (Lair:2)
  3 acid dragons
  10 water moccasins
  Duvessa (D:6)
  An ice beast (D:7)
  17 orc warriors
  3 sky beasts
  A black bear (D:5)
  13 ogres
  6 wolves
  2 centaurs
  7 kobold brigands
  A phantom (D:6)
  4 gnoll sergeants
  6 bullfrogs
  2 scorpions (D:7)
  3 wights (D:10)
  14 killer bees
  Dowan (D:6)
  An electric eel (Lair:2)
  A bombardier beetle (D:6)
  10 howler monkeys
  14 hounds
  11 orc priests
  2 jellies
  A sleepcap (D:4)
  3 gnoll boudas (D:6)
  5 iguanas
  Natasha (thrice) (D:2)
  16 orc wizards
  17 gnolls
  5 adders
  2 shadow imps
  2 ufetubi (D:6)
  3 dart slugs
  3 ribbon worms
  34 orcs
  4 bats
  7 endoplasms
  2 giant cockroaches (D:1)
  7 hobgoblins
  7 jackals
  4 quokkas
  2 ball pythons (D:2)
  2 frilled lizards
  25 kobolds
  6 rats
418 creatures vanquished.

Vanquished Creatures (collateral kills)
  An elephant (Lair:2)
  A cane toad (Lair:2)
2 creatures vanquished.

Grand Total: 420 creatures vanquished

Notes
Turn   | Place    | Note
-------+----------+-------------------------------------------
     0 | D:1      | AlmostDecent the Mountain Dwarf Fighter began the quest for
                  | the Orb.
     0 | D:1      | Reached XP level 1. HP: 19/19 MP: 1/1
     7 | D:1      | Found a faded altar of an unknown god.
    81 | D:1      | Reached XP level 2. HP: 24/26 MP: 2/2
   154 | D:1      | Reached XP level 3. HP: 28/33 MP: 3/3
   517 | D:1      | Reached skill level 3 in Axes
   955 | D:2      | Identified the +0 robe of Pidyly {rPois rF+}
  1032 | D:2      | Got Poria's Discourse on the Bloody Entourage
  1104 | D:2      | Reached XP level 4. HP: 40/40 MP: 4/4
  1245 | D:2      | Reached skill level 4 in Axes
  1735 | D:2      | Noticed Natasha
  1765 | D:2      | Killed Natasha
  2001 | D:2      | Reached XP level 5. HP: 27/46 MP: 5/5
  2055 | D:2      | Noticed Natasha
  2062 | D:2      | Killed Natasha
  2245 | D:2      | Noticed Natasha
  2261 | D:2      | Killed Natasha
  2262 | D:2      | Reached skill level 5 in Axes
  2736 | D:3      | Noticed Grinder
  2756 | D:3      | Paralysed by Grinder for 5 turns
  2764 | D:3      | Paralysed by Grinder for 2 turns
  2767 | D:3      | Killed Grinder
  2768 | D:3      | Reached skill level 6 in Axes
  2768 | D:3      | Reached skill level 5 in Armour
  2768 | D:3      | Reached XP level 6. HP: 18/52 MP: 6/6
  3100 | D:3      | Reached skill level 7 in Axes
  3100 | D:3      | Reached XP level 7. HP: 59/59 MP: 7/7
  3219 | D:3      | Identified the +1 robe of the Accordion {rElec MP+9}
  3788 | D:4      | You fall into a shaft and drop 2 floors!
  3862 | D:6      | Reached skill level 8 in Axes
  3874 | D:5      | Entered Level 5 of the Dungeon
  3930 | D:5      | Found a burning altar of Makhleb.
  3936 | D:5      | Became a worshipper of Makhleb the Destroyer
  3970 | D:5      | Found a hide-covered altar of Uskayaw.
  3970 | D:5      | Found a hazy altar of Hepliaklqana.
  4397 | D:4      | Found a glowing golden altar of the Shining One.
  4397 | D:4      | Found a shimmering altar of Xom.
  4640 | D:5      | Reached skill level 9 in Axes
  4640 | D:5      | Reached XP level 8. HP: 67/67 MP: 8/8
  4777 | D:5      | Reached skill level 1 in Dodging
  5066 | D:5      | Reached skill level 10 in Axes
  5693 | D:6      | Noticed Duvessa
  5693 | D:6      | Noticed Dowan
  5701 | D:6      | Killed Duvessa
  5712 | D:6      | Killed Dowan
  5777 | D:6      | Reached skill level 11 in Axes
  5785 | D:6      | Reached * piety under Makhleb
  5792 | D:6      | Reached skill level 5 in Fighting
  5792 | D:6      | Reached XP level 9. HP: 73/74 MP: 9/9
  5957 | D:6      | Found a staircase to the Ecumenical Temple.
  6002 | D:6      | Reached skill level 12 in Axes
  6259 | D:6      | Noticed a troll
  6275 | D:6      | Reached skill level 13 in Axes
  6275 | D:6      | Reached skill level 5 in Shields
  6284 | D:6      | Killed a troll
  6323 | D:6      | Reached ** piety under Makhleb
  6416 | D:6      | Reached XP level 10. HP: 83/83 MP: 10/10
  6557 | D:6      | Reached skill level 14 in Axes
  7118 | D:7      | Found Xenoiss's Jewellery Shop.
  7876 | D:8      | Reached *** piety under Makhleb
  7908 | D:8      | Reached skill level 15 in Axes
  8005 | D:8      | Identified the +0 leather armour "Pouc" {rElec rPois rN+}
  8510 | D:8      | Found an ornate altar of the Wu Jian Council.
  8578 | D:9      | Found a staircase to the Orcish Mines.
  8818 | D:9      | Noticed a two-headed ogre
  8827 | D:9      | Killed a two-headed ogre
  9046 | D:9      | Reached XP level 11. HP: 79/92 MP: 11/11
  9092 | D:9      | Paralysed by a hornet for 2 turns
  9143 | D:9      | Reached skill level 16 in Axes
  9149 | D:9      | Reached **** piety under Makhleb
  9519 | D:10     | Entered Level 10 of the Dungeon
  9533 | D:10     | Noticed Joseph
  9556 | D:10     | Killed Joseph
  9835 | D:10     | Got the Volume of the Elixir and Locality
 10125 | D:11     | Found a snail-covered altar of Cheibriados.
 10166 | D:11     | Found a runed translucent door.
 10166 | D:11     | Found a runed translucent door.
 10166 | D:11     | Noticed Snorg
 10182 | D:11     | Killed Snorg
 10197 | D:11     | Noticed a deep elf zephyrmancer
 10197 | D:11     | Noticed an ettin
 10198 | D:11     | Noticed a lich
 10281 | D:11     | Found Ziasamo's Antique Armour Emporium.
 10287 | D:11     | Bought a slimy chain mail for 332 gold pieces
 10287 | D:11     | Identified the +7 chain mail of the Trout {rN+ Will- Str+4
                  | Dex+3} (You bought it in a shop on level 11 of the Dungeon)
 10354 | D:11     | Noticed a centaur warrior
 10354 | D:11     | Noticed Gryn's ghost (journeyman FoAl)
 10355 | D:11     | Noticed a skeletal warrior
 10355 | D:11     | Noticed a necromancer
 10370 | D:11     | Noticed a two-headed ogre
 10375 | D:11     | Killed a two-headed ogre
 10376 | D:11     | Reached skill level 17 in Axes
 10525 | D:11     | Noticed Gastronok
 10542 | D:11     | Killed Gastronok
 10570 | D:11     | Noticed a two-headed ogre
 10575 | D:11     | Killed a two-headed ogre
 10608 | D:11     | Noticed a two-headed ogre
 10616 | D:11     | Killed a two-headed ogre
 10617 | D:11     | Reached XP level 12. HP: 103/103 MP: 12/12
 10653 | D:11     | Found a staircase to the Lair.
 10726 | D:11     | Found an iron altar of Okawaru.
 10727 | D:11     | Noticed a centaur warrior
 10791 | D:11     | Noticed a centaur warrior
 10791 | D:11     | Noticed a centaur warrior
 10809 | D:11     | Killed a centaur warrior
 10810 | D:11     | Killed a centaur warrior
 10877 | D:11     | Identified the +0 falchion of Jaziv {freeze, Fly rPois rN+
                  | Str+4 Int-2}
 10894 | D:11     | Killed a centaur warrior
 10913 | D:11     | Reached skill level 10 in Armour
 10971 | D:11     | Found the +7 captain's cutlass {speed, disarm}
 10978 | D:11     | Identified the +2 scale mail "Neluun" {Dex+2}
 11120 | D:11     | Identified the +2 robe of Defiance {Int+2 Slay+3}
 11185 | D:11     | Noticed Nergalle
 11196 | D:11     | Killed Nergalle
 11225 | D:11     | Noticed Erica
 11232 | D:11     | Killed Erica
 11266 | D:11     | Identified the +1 leather armour of Ippiqefa {Regen+ rCorr
                  | Dex-5}
 11370 | D:11     | Noticed Urug
 11403 | D:11     | Killed Urug
 11696 | D:12     | Reached ***** piety under Makhleb
 11701 | D:12     | Reached skill level 18 in Axes
 12274 | D:12     | Noticed a two-headed ogre
 12286 | D:12     | Killed a two-headed ogre
 12287 | D:12     | Reached skill level 10 in Fighting
 12355 | D:12     | Found Umedao Renu's Magic Scroll Emporium.
 12481 | Lair:1   | Entered Level 1 of the Lair of Beasts
 12595 | Lair:1   | Reached XP level 13. HP: 113/113 MP: 13/13
 12864 | Lair:1   | Reached skill level 10 in Shields
 12868 | Lair:1   | Identified the +0 ring mail "Qeiffolu" {rPois Int+3}
 13608 | Lair:2   | Found a hole to the Spider Nest.
 13767 | Lair:2   | Reached skill level 1 in Stealth
 13957 | Lair:2   | Found a staircase to the Swamp.
 14493 | Lair:3   | Found a runed translucent door.
 14650 | Lair:3   | Mangled by an entropy weaver

Illustrated notes

Levels and vault maps discovered:
D:1:      minmay_arrival_cross, layout_loops_corners,
          chequers_ecumenical_altar_simple_redux
D:2:      layout_basic, uniq_natasha
D:3:      layout_basic, serial_corexii_hall, corexii_hall_statues_l,
          corexii_hall_statues_l, uniq_grinder
D:4:      layout_loops_ring, gammafunk_temple_overflow_wave
D:5:      minmay_spotlight, layout_layer_cave,
          mainiacjoe_overflow_six_doors_small, amethyst_overflow_temple_binary
D:6:      lemuel_castle_with_subvaults [lemuel_castle_interior_carwin_3],
          layout_loops_ring, minmay_temple_entry_mist, grunt_ministairs_13,
          uniq_duvessa
D:7:      layout_basic, serial_shops, nicolae_shop_real_fake_doors,
          serial_library_hellmonk_u_bend, nicolae_letterblocks
          [nicolae_letter_subblock, nicolae_letter_subblock,
          nicolae_letter_subblock, nicolae_letter_subblock,
          nicolae_letter_subblock, nicolae_letter_subblock,
          nicolae_letter_subblock, nicolae_letter_subblock,
          nicolae_letter_subblock, nicolae_letter_subblock,
          nicolae_letter_subblock, nicolae_letter_subblock,
          nicolae_letter_subblock, nicolae_letter_subblock,
          nicolae_letter_subblock, nicolae_letter_subblock,
          nicolae_letter_subblock, nicolae_letter_subblock,
          nicolae_letter_subblock, nicolae_letter_subblock,
          nicolae_letter_subblock, nicolae_letter_subblock,
          nicolae_letter_subblock, nicolae_letter_subblock,
          nicolae_letter_subblock]
D:8:      layout_basic, nicolae_wu_jian_immortal_techniques
D:9:      layout_basic, orc_0_dummy, kennysheep_decorative_pillar
D:10:     layout_basic, small_statue_intersection, uniq_joseph
D:11:     evilmike_iron_armoury, layout_irregular_city, david_lair_shrubbed,
          serial_shops, shop, muffindrake_ghost_dual_entry,
          kennysheep_slug_shrine, uniq_urug, uniq_nergalle, uniq_gastronok,
          uniq_erica, uniq_snorg
D:12:     layout_stronghold, serial_shops, nicolae_shop_gibbet_a_chance
Lair:1:   layout_roguey
Lair:2:   beast_lair_carwin_large_2, layout_cave_pods,
          nicolae_swamp_entry_splash_gauntlet, spider_nest_entry_funnel_web
Lair:3:   gammafunk_mikee_crab_dinner, layout_cave_pods, st_stairs_9

Skill      XL: |  1  2  3  4  5  6  7  8  9 10 11 12 13 |
---------------+----------------------------------------+-----
Axes           | 3 4 6 7 9 11 13 15 17 18 | 18.8
Armour         | 4 5 6 7 9 10 11 | 11.4
Fighting       | 4 5 6 7 8 10 12 | 12.3
Shields        | 4 5 6 8 9 11 | 11.4
Dodging        | 1 2 3 |  3.6
Stealth        | 2 |  2.1
Throwing       | |  0.7
Invocations    | |  0.5

Action                     |  1- 3 |  4- 6 |  7- 9 | 10-12 | 13-15 || total
---------------------------+-------+-------+-------+-------+-------++-------
  Melee: War axe           |   100 |   169 |   400 |   778 |   384 ||  1831
  Throw: Throwing net      |       |       |     1 |       |     1 ||     2
         Javelin           |       |       |       |       |    14 ||    14
 Invoke: Lesser Servant of |       |       |       |     1 |     1 ||     2
    Use: Potion            |       |     5 |     5 |       |       ||    10
         Scroll            |       |     2 |       |    21 |       ||    23
   Stab: Distracted        |       |       |       |       |     7 ||     7
 Armour: Scale mail        |    68 |    28 |       |       |       ||    96
         Chain mail        |       |   145 |   230 |   463 |   233 ||  1071
         Skin              |       |       |       |    12 |       ||    12
         Plate armour      |       |       |       |       |    26 ||    26
  Dodge: Dodged            |    52 |    63 |   221 |   317 |   210 ||   863
  Block: Buckler           |    29 |    29 |    74 |       |       ||   132
         Kite shield       |       |       |    26 |   365 |   241 ||   632

Table legend: (Time is in decaauts)
 A = Elapsed time spent in this place.
 B = Non-inter-level travel time spent in this place.
 C = Inter-level travel time spent in this place.
 D = Time resting spent in this place.
 E = Time spent auto-exploring this place.
 F = Levels seen in this place.
 G = Mean time per level.
                   A        B        C        D        E       F      G
               +--------+--------+--------+--------+--------+-----+--------+
         Total |  14574 |  14133 |    441 |     57 |  10499 |  15 |  971.6 |
       Dungeon |  12477 |  12107 |    370 |     57 |   9011 |  12 | 1039.8 |
          Lair |   2097 |   2027 |     70 |      0 |   1488 |   3 |  699.0 |
               +--------+--------+--------+--------+--------+-----+--------+

Top non-repeatable levels by time:
     D:2: 1492 daAuts
    D:11: 1433 daAuts
     D:6: 1320 daAuts
     D:5: 1238 daAuts
     D:3: 1224 daAuts
  Lair:2: 953 daAuts
     D:9: 931 daAuts
     D:8: 921 daAuts
     D:1: 906 daAuts
    D:12: 893 daAuts
     D:7: 862 daAuts
  Lair:1: 784 daAuts
     D:4: 691 daAuts
    D:10: 563 daAuts
  Lair:3: 359 daAuts
